 Dungeon Crawl Stone Soup version 0.19.1-1-g22dce08 (webtiles) character file.

55 spooks32 the Charmwright (level 3, 0/25 HPs)
             Began as a High Elf Skald on Jan 1, 2017.
             Succumbed to an adder's poison
             ... on level 2 of the Dungeon.
             The game lasted 00:04:04 (1319 turns).

spooks32 the Charmwright (High Elf Skald)           Turns: 1319, Time: 00:04:05

Health: 0/25       AC:  3    Str: 11    XL:     3   Next: 67%
Magic:  7/8        EV: 16    Int: 16    God:
Gold:   113        SH:  0    Dex: 20    Spells: 4 memorised, 0 levels left

rFire  . . .     SeeInvis .     a - +0 falchion
rCold  . . .     Gourm    .     b - +0 leather armour
rNeg   . . .     Faith    .     (no shield)
rPois  .         Spirit   .     (no helmet)
rElec  .         Reflect  .     (no cloak)
rCorr  .         Harm     .     (no gloves)
MR     .....                    (no boots)
Stlth  +++.......               (no amulet)
                                (no ring)
                                (no ring)

@: agile, lethally poisoned (0 -> -1), singing (expiring)
A: no striking features
a: Stop Singing


You were on level 2 of the Dungeon.
You were hungry.

You visited 1 branch of the dungeon, and saw 2 of its levels.

You collected 113 gold pieces.

Inventory:

Hand Weapons
 a - a +0 falchion (weapon)
Armour
 b - a +0 leather armour (worn)
Scrolls
 h - a scroll of remove curse {unknown}
 j - a scroll of identify {unknown}
Books
 c - a book of Battle

   Spells                             Type                      Level
   a - Infusion                       Charms                       1
   b - Shroud of Golubria             Charms/Translocation         2
   c - Song of Slaying                Charms                       2
   d - Spectral Weapon                Hexes/Charms                 3
   e - Regeneration                   Charms/Necromancy            3
Comestibles
 d - a bread ration
 k - a meat ration


   Skills:
 * Level 2.5 Fighting
 * Level 3.8 Long Blades
 - Level 0.8 Armour
 - Level 1.1 Dodging
 - Level 3.1 Spellcasting
 + Level 3.8 Charms


You couldn't memorise any spells.
You knew the following spells:

 Your Spells              Type           Power        Failure   Level  Hunger
a - Infusion              Chrm           ##..         6%          1    #......
b - Song of Slaying       Chrm           ##......     10%         2    ##.....
c - Regeneration          Chrm/Necr      #.........   34%         3    ###....
d - Shroud of Golubria    Chrm/Tloc      #.........   17%         2    ##.....


Dungeon Overview and Level Annotations

Branches:
Dungeon (2/15)

Altars:


Message History

The jackal is heavily wounded.
The jackal bites you but does no damage. x2
You hit the jackal.
You kill the jackal!
* * * LOW HITPOINT WARNING * * *
You feel sick.
You aren't carrying any potions.
You start resting.
You feel less woody.
Your +0 leather armour unmelds from your body.
There is a lethal amount of poison in your body!
There is a lethal amount of poison in your body!
There is a lethal amount of poison in your body!
Things that are here:
a jackal corpse; an adder corpse
* * * LOW HITPOINT WARNING * * *
You feel sick.
There is a lethal amount of poison in your body!
Your song is almost over.
You die...

.............................
#.#.######.#.####.#.###.#.#.#
#.#........# # #.#... .# #
#.##########.# #.###.# #
#............# #.. .#
#####.....######### #
..........†.†......
####.#.#''#†#.##########
#...#..#.....@.......
#.########..######### #. +.##
#. +.. #. #... ..... #....#
.....#


There were no monsters in sight!

Vanquished Creatures
  2 adders (D:2)
  An ooze (D:1)
  A dart slug (D:1)
  A leopard gecko (D:1)
  A giant cockroach (D:1)
  3 goblins (D:1)
  2 hobgoblins (D:1)
  3 jackals (D:2)
  3 ball pythons (D:1)
  9 bats
  3 frilled lizards
  A kobold (D:2)
  3 rats (D:1)
33 creatures vanquished.

Notes
Turn   | Place    | Note
-------+----------+-------------------------------------------
     0 | D:1      | spooks32 the High Elf Skald began the quest for the Orb.
     0 | D:1      | Reached XP level 1. HP: 14/14 MP: 4/4
   158 | D:1      | Reached XP level 2. HP: 18/19 MP: 3/6
   651 | D:1      | Learned a level 2 spell: Song of Slaying
   786 | D:1      | Reached XP level 3. HP: 23/25 MP: 6/8
  1203 | D:2      | Learned a level 3 spell: Regeneration
  1206 | D:2      | Learned a level 2 spell: Shroud of Golubria
  1293 | D:2      | HP: 1/25 [poisoned by an adder]
  1315 | D:2      | HP: 1/25 [poisoned by an adder]
  1319 | D:2      | Succumbed to an adder's poison

Skill      XL: |  1  2 |
---------------+-------+-----
Long Blades    | 3 |  3.8
Spellcasting   | 3 |  3.1
Fighting       | |  2.5
Armour         | |  0.8
Dodging        | |  1.1
Charms         | |  3.8

Action                   || total
-------------------------++-------
Melee: Falchion          ||    67
 Cast: Infusion          ||    11
       Song of Slaying   ||     3
  Use: Potion            ||     5
 Stab: Sleeping          ||     1
  Eat: Chunk             ||     1
Armor: Leather armour    ||    29
       Skin              ||    38
Dodge: Dodged            ||    75
       Rpst.: Falchion   ||    20
